 Dungeon Crawl Stone Soup version 0.23-a0-703-gdf2d5e0dd9 (webtiles) character file.

450992 Flugkiller the Acrobat (level 25, -7/166 HPs)
             Began as a Kobold Gladiator on Jan 14, 2019.
             Was the Champion of Dithmenos.
             Mangled by a spriggan berserker
             ... wielding a +1 hand axe of chopping
             ... led by a spriggan defender
              (32 damage)
             ... on level 5 of the Depths.
             The game lasted 02:36:05 (63843 turns).

Flugkiller the Acrobat (Kobold Gladiator)          Turns: 63843, Time: 02:36:06

Health: -7/166     AC: 23    Str: 19    XL:     25   Next: 49%
Magic:  26/35      EV: 37    Int: 14    God:    Dithmenos [******]
Gold:   4499       SH:  9    Dex: 22    Spells: 15/40 levels left

rFire    + . .     SeeInvis .   E - +9 eveningstar (vamp)
rCold    + . .     Gourm    .   i - +2 buckler
rNeg     + . .     Faith    .   P - +3 swamp dragon scales
rPois    +         Spirit   .   w - +2 helmet
rElec    +         Reflect  .   e - +2 cloak of Undesirable Species {rElec rF+ rN+ Dex-4}
rCorr    .         Harm     .   s - +1 pair of gloves
MR       ++...                  I - +0 pair of boots
Stlth    ++++......             A - amulet of the acrobat
HPRegen  0.37/turn              n - ring of protection from cold
MPRegen  0.24/turn              U - ring of protection from magic

@: mighty, agile, wreathed by umbra, heavily drained
A: small, carnivore
}: 2/15 runes: decaying, serpentine
a: Shadow Step, Shadow Form, Renounce Religion


You were on level 5 of the Depths.
You worshipped Dithmenos.
Dithmenos was exalted by your worship.
You were very full.

You visited 8 branches of the dungeon, and saw 43 of its levels.
You visited the Abyss 2 times.
You also visited: Sewer, Gauntlet, Ice Cave and Volcano.

You collected 5908 gold pieces.
You spent 1409 gold pieces at shops.

Inventory:

Hand Weapons
 E - a +9 vampiric eveningstar (weapon)
   (You found it in a Gauntlet)
Missiles
 d - 5 throwing nets (quivered)
Armour
 c - a +2 cloak of magic resistance
   (You found it on level 3 of the Snake Pit)
 e - the +2 cloak of Undesirable Species (worn) {rElec rF+ rN+ Dex-4}
   (You found it in a Gauntlet)

   It affects your dexterity (-4).
   It protects you from fire.
   It insulates you from electricity.
   It protects you from negative energy.
 i - a +2 buckler (worn)
   (You took it off a deep elf knight on level 1 of the Elven Halls)
 s - a +1 pair of gloves (worn)
   (You found it on level 5 of the Dungeon)
 w - a +2 helmet (worn)
   (You found it on level 3 of the Snake Pit)
 I - a +0 pair of boots (worn)
   (You found it on level 8 of the Dungeon)
 P - +3 swamp dragon scales (worn)
   (You found it on level 3 of the Swamp)
Jewellery
 a - a +2 ring of protection
   (You took it off a centaur warrior on level 3 of the Depths)
 g - the ring "Imussac" {rCorr rF+ Stlth+}
   (You found it on level 7 of the Dungeon)

   [ring of resist corrosion]

   It protects you from fire.
   It makes you more stealthy.
 n - a ring of protection from cold (left hand)
   (You found it on level 13 of the Dungeon)
 A - an amulet of the acrobat (around neck)
   (You acquired it on level 3 of the Vaults)
 U - a ring of protection from magic (right hand)
   (You found it on level 2 of the Depths)
Wands
 b - a wand of acid (38)
   (You found it in a Gauntlet)
 t - a wand of enslavement (20)
   (You found it in a sewer)
 B - a wand of paralysis (50)
   (You found it on level 6 of the Dungeon)
 G - a wand of clouds (10)
   (You found it on level 7 of the Dungeon)
 H - a wand of iceblast (53)
   (You found it on level 8 of the Dungeon)
 K - a wand of disintegration (14)
   (You found it on level 8 of the Dungeon)
 O - a wand of scattershot (11)
   (You took it off a deep elf mage on level 3 of the Elven Halls)
Scrolls
 h - 2 scrolls of amnesia
 k - 16 scrolls of remove curse
 m - a scroll of summoning
 q - 3 scrolls of immolation
 x - 5 scrolls of identify
 y - 2 scrolls of blinking
 F - 3 scrolls of fear
 M - 26 scrolls of teleportation
 R - 3 scrolls of fog
 S - 2 scrolls of holy word
 W - 5 scrolls of magic mapping
 Y - a scroll of vulnerability
Potions
 j - 6 potions of brilliance
 l - 7 potions of curing
 p - 6 potions of ambrosia
 u - 6 potions of berserk rage
 v - 5 potions of mutation
 z - 7 potions of magic
 C - 4 potions of haste
 D - 3 potions of agility
 J - 2 potions of might
 L - 2 potions of cancellation
 N - 9 potions of heal wounds
 T - 3 potions of invisibility
 X - 2 potions of resistance
Miscellaneous
 o - a phantom mirror
 Q - a phial of floods
   (You found it on level 11 of the Dungeon)
 V - a lamp of fire (inert)
   (You found it on level 6 of the Lair of Beasts)
 Z - a lightning rod (4/4)
   (You found it in a volcano)
Comestibles
 f - 95 rations


   Skills:
 + Level 19.3(17.6) Fighting
 - Level 16.0(14.3) Maces & Flails
 - Level 2.1(1.0) Throwing
 - Level 11.0(9.5) Armour
 + Level 21.4(19.6) Dodging
 - Level 5.7(4.4) Shields
 - Level 8.0(6.6) Spellcasting
 - Level 8.0(6.6) Hexes
 - Level 5.0(3.7) Charms
 - Level 14.0(12.4) Summonings
 - Level 3.0(1.8) Necromancy
 + Level 5.0(3.7) Translocations
 - Level 13.0(11.4) Invocations
 - Level 10.0(8.6) Evocations


You had 15 spell levels left.
You knew the following spells:

 Your Spells              Type           Power        Failure   Level  Hunger
a - Spectral Weapon       Hex/Chrm       ###.....     9%          3    ##.....
b - Summon Mana Viper     Hex/Summ       ####....     14%         5    ######.
c - Regeneration          Chrm/Necr      ##........   24%         3    ##.....
d - Aura of Abjuration    Summ           #####.....   4%          5    ######.
e - Confusing Touch       Hex            ###...       1%          1    None
f - Confuse               Hex            ###.....     4%          3    ##.....
g - Summon Forest         Summ/Tloc      ####......   26%         5    ######.

Your spell library contained the following spells:

 Spells                   Type           Power        Failure   Level  Hunger
 Corona                   Hex            ###....      1%          1    None
 Summon Butterflies       Summ           #####...     1%          1    None
 Summon Small Mammal      Summ           ####         1%          1    None
 Call Canine Familiar     Summ           #####...     1%          3    ##.....
 Slow                     Hex            ###.....     2%          2    #......
 Recall                   Summ/Tloc      N/A          2%          3    ##.....
 Summon Demon             Summ           #####.....   4%          5    ######.
 Apportation              Tloc           ###...       5%          1    None
 Infusion                 Chrm           ###.         5%          1    None
 Shroud of Golubria       Chrm/Tloc      ###.......   9%          2    #......
 Song of Slaying          Chrm           ###.....     9%          2    #......
 Ensorcelled Hibernation  Hex/Ice        ##....       10%         2    #......
 Animate Skeleton         Necr           N/A          12%         1    None
 Corpse Rot               Necr           N/A          19%         2    #......
 Sublimation of Blood     Necr           #.........   19%         2    #......
 Summon Ice Beast         Ice/Summ       ###.....     21%         4    ####...
 Shadow Creatures         Summ           N/A          24%         6    #######
 Beastly Appendage        Tmut           #.....       26%         1    None
 Freeze                   Ice            #...         26%         1    None
 Sandblast                Erth           #.....       26%         1    None
 Sting                    Conj/Pois      #...         26%         1    None
 Ozocubu's Armour         Chrm/Ice       #.......     34%         3    ##.....
 Passwall                 Tmut/Erth      #.......     36%         2    #......
 Poisonous Vapours        Pois/Air       #.....       36%         2    #......
 Sticks to Snakes         Tmut           #.......     36%         2    #......
 Throw Frost              Conj/Ice       #.....       36%         2    #......
 Mephitic Cloud           Conj/Pois/Air  #.......     61%         3    ##.....
 Spider Form              Tmut/Pois      #.........   61%         3    ##.....
 Stone Arrow              Conj/Erth      #.....       61%         3    ##.....
 Animate Dead             Necr           N/A          75%         4    ####...
 Summon Hydra             Summ           #####.....   78%         7    #######
 Metabolic Englaciation   Hex/Ice        ##........   88%         5    ######.
 Silence                  Hex/Air        ##........   88%         5    ######.
 Excruciating Wounds      Chrm/Necr      ##........   92%         5    ######.
 Ice Form                 Ice/Tmut       #.......     95%         4    ####...
 Olgreb's Toxic Radiance  Pois           #.......     95%         4    ####...
 Petrify                  Tmut/Erth      #.......     95%         4    ####...
 Throw Icicle             Conj/Ice       #.......     95%         4    ####...
 Darkness                 Hex            ###.......   95%         6    #######
 Invisibility             Hex            ###.....     95%         6    #######
 Agony                    Necr           #.......     97%         5    ######.
 Bolt of Draining         Conj/Necr      #.........   99%         5    ######.
 Borgnjor's Vile Clutch   Necr/Erth      #.........   99%         5    ######.
 Blade Hands              Tmut           #.........   100%        5    ######.
 Lee's Rapid Deconstruct  Erth           #.........   100%        5    ######.
 Venom Bolt               Conj/Pois      #.........   100%        5    ######.
 Bolt of Cold             Conj/Ice       #.........   100%        6    #######
 Death Channel            Necr           #.........   100%        6    #######
 Deflect Missiles         Chrm/Air       #.........   100%        6    #######
 Freezing Cloud           Conj/Ice/Air   #.........   100%        6    #######
 Ozocubu's Refrigeration  Ice            #.........   100%        6    #######
 Simulacrum               Ice/Necr       #.........   100%        6    #######
 Dragon's Call            Summ           #####.....   100%        9    #######


Dungeon Overview and Level Annotations

Branches:
Dungeon (15/15)            Temple (0/1) D:4            Lair (6/6) D:11
  Swamp (4/4) Lair:2        Snake (4/4) Lair:3        Slime (0/5) Lair:5
    Orc (2/2) D:11            Elf (3/3) Orc:2        Vaults (4/5) D:13
  Crypt (0/3) Vaults:3     Depths (5/5) D:15
    Zot: Depths:5

Altars:
Ashenzari
Dithmenos
Kikubaaqudgha
Makhleb
Qazlal
Ru
Trog
Uskayaw
Wu Jian
Yredelemnul
Zin
The Shining One
Jiyva

Shops:
Orc:2 *:!(   Snake:1 }   Snake:4 [   Vaults:4 :

Portals:
Hell: Depths:1 Depths:2 Depths:3
Abyss: Depths:1 Depths:2
Pandemonium: Depths:2 Depths:3
Ziggurat: Depths:3
Trove: Elf:1 (give horn of Geryon)

Annotations:
D:2 1 runed door
D:4 Dowan, Duvessa
D:6 Harold
D:7 1 runed door, hemabe's ghost, novice HuAr
D:15 3 runed doors, Artagas's ghost, journeyman OgTm
Lair:4 1 runed door, Oppylety's ghost, journeyman GrFi
Lair:5 1 runed door
Swamp:2 exclusion: Roxanne, Roxanne
Elf:1 6 runed translucent doors
Elf:2 5 runed doors, 2 transporters, Lefas's ghost, adept GnWz
Vaults:3 2 runed doors, Hoeroty's ghost, adept HOFi; Ymul's ghost, adept HOFi
Depths:2 1 runed door


Innate Abilities, Weirdness & Mutations

You are small and have problems with some larger weapons.
You are carnivorous and can eat meat at any time.


Message History

* * * LOW HITPOINT WARNING * * *
You emit a cloud of dark smoke.
You feel drained.
You block the spriggan berserker's attack.
You hear a bellow!
Your transformation is almost over.
The spriggan berserker barely misses you.
You hear an angry growl.
You emerge from the shadows.
The spriggan berserker barely misses you.
The spriggan rider misses you.
Unknown command.
You puncture the spriggan berserker!
The spriggan berserker is moderately wounded.
The spriggan berserker closely misses you.
The spriggan rider completely misses you.
The spriggan berserker barely misses you.
Unknown command.
You barely miss the spriggan berserker.
The spriggan berserker is lightly wounded.
Your shadow hits the spriggan berserker with an eveningstar!
You block the spriggan rider's attack.
The spriggan berserker hits you with a +1 hand axe of chopping.
* * * LOW HITPOINT WARNING * * *
* * * LOW HITPOINT WARNING * * *
You hit the spriggan berserker.
The spriggan berserker is moderately wounded.
The spriggan berserker completely misses you.
You block the spriggan rider's attack.
Unknown command.
You feel agile all of a sudden.
The spriggan berserker hits you but does no damage.
The spriggan rider misses you.
Unknown command.
You feel very mighty all of a sudden.
The spriggan berserker hits you but does no damage.
The spriggan rider completely misses you.
You hear a bellow!
Unknown command.
You closely miss the spriggan berserker.
The spriggan berserker is moderately wounded.
The spriggan berserker hits you with a +1 hand axe of chopping!
* * * LOW HITPOINT WARNING * * *
* * * LOW HITPOINT WARNING * * *
The spriggan rider hits you from afar with a +0 spear!
* * * LOW HITPOINT WARNING * * *
You block the spriggan berserker's attack.
You completely miss the spriggan berserker.
The spriggan berserker is moderately wounded.
The spriggan berserker hits you with a +1 hand axe of chopping!!
You die...

#.≈8.<##
#.≈≈..##
#.≈⌠..##
#.≈≈..##
+###.≈...#
++..#'....##
#...)'#....#
#.....#..).#
##...@##.'###
#..##i##'..#
##.§#i#....##
#.§§§##....#
##§##§#....#
#..#§#[...#
#..§i#....#
#....#....#
#....#.⌠..#


You could see a spriggan rider and a spriggan berserker (berserk).

Vanquished Creatures
  An ancient lich (Depths:1)
  Nikola (Swamp:2)
  Jory (Depths:3)
  A quicksilver dragon (Depths:1)
  2 deep elf master archers (Elf:3)
  2 deep elf blademasters (Elf:3)
  2 tentacled starspawn (Abyss:3)
  Frances (Swamp:2)
  2 sphinxes
  2 tengu reavers
  14 nagarajas
  2 thorn hunters
  3 shadow dragons
  5 frost giants
  A fire giant (Depths:1)
  2 vault wardens
  4 deep elf sorcerers
  Aizul (Snake:2)
  13 very ugly things
  A deep elf elementalist (Elf:3)
  9 stone giants
  5 ironheart preservers
  2 spriggan defenders (Depths:5)
  13 deep elf demonologists
  6 vampire knights
  5 spark wasps
  5 deep elf annihilators
  Nessos (Orc:2)
  A minotaur (Gauntlet)
  8 deep elf death magi
  8 ettins
  3 fire dragons
  4 deep elf high priests
  Josephine (D:10)
  3 rakshasas
  11 ogre magi
  11 yaktaur captains
  4 great orbs of eyes
  A monstrous demonspawn (Depths:2)
  3 spriggan air magi (Depths:3)
  12 naga warriors
  8 ice dragons
  21 hydras
  2 shambling mangroves
  19 anacondas
  4 catoblepae (Lair:6)
  3 vault guards
  27 two-headed ogres
  11 dancing weapons
  4 death knights
  10 centaur warriors
  12 alligators
  A queen ant (shapeshifter) (Depths:3)
  A queen ant (D:9)
  6 deep troll earth magi
  A deep troll shaman (Depths:3)
  2 thrashing horrors (Abyss:3)
  12 death yaks
  2 tengu warriors
  4 vampire magi
  19 naga sharpshooters
  Sonja (D:10)
  Urug (Orc:2)
  11 shock serpents
  A spriggan berserker (Depths:5)
  A soul eater (Depths:1)
  A sun demon (Depths:2)
  17 deep elf knights
  3 wretched stars
  A storm dragon skeleton (Vaults:2)
  12 skeletal warriors
  5 shadow wraiths
  2 unseen horrors
  4 glowing orange brains
  10 swamp dragons
  11 naga ritualists
  9 deep trolls
  6 spriggan druids
  7 sea snakes (Snake:4)
  4 flayed ghosts
  18 deep elf archers
  A phantasmal warrior (D:14)
  6 wizards
  8 ironbrand convokers
  9 harpies
  A wolf spider (Vaults:2)
  56 deep elf magi
  3 necromancers
  10 orc knights
  An iron dragon zombie (Depths:1)
  17 mana vipers
  A harpy (shapeshifter) (Vaults:4)
  39 ugly things
  2 salamanders
  A worldbinder (Abyss:3)
  2 orc sorcerers
  A stone giant zombie (Depths:1)
  4 cyclopes
  A salamander (shapeshifter) (Depths:1)
  4 toenail golems (Volcano)
  An elephant (shapeshifter) (D:12)
  An ice statue (IceCv)
  6 large abominations
  6 vault sentinels
  4 manticores
  11 elephants
  47 black mambas
  12 guardian serpents
  2 rust devils
  An apocalypse crab (Abyss:3)
  A smoke demon (Abyss:3)
  4 spectral swamp worms (Depths:1)
  19 spiny frogs
  8 centaur skeletons
  Psyche (D:10)
  15 naga magi
  A torpor snail (Lair:5)
  2 demonic crawlers
  3 gargoyles
  A yaktaur zombie (Vaults:2)
  28 yaktaurs
  2 kobold demonologists
  2 ice devils
  An ancient zyme (Abyss:2)
  12 freezing wraiths
  2 efreet
  5 komodo dragons
  A guardian mummy (Elf:1)
  A tengu conjurer (Depths:1)
  A merfolk (D:12)
  3 meliai (shapeshifter)
  A hydra zombie (Abyss:3)
  2 polar bears
  10 tyrant leeches
  A queen bee (Orc:1)
  A troll (shapeshifter) (Elf:1)
  9 trolls
  11 hornets
  8 blink frogs
  8 hippogriffs
  A dream sheep (shapeshifter) (Depths:1)
  36 slime creatures
  5 bog bodies
  11 dream sheep
  A hippogriff (shapeshifter) (Vaults:2)
  An air elemental (Elf:3)
  A redback (shapeshifter) (Vaults:3)
  12 spriggans
  3 shadows
  2 ynoxinuls
  3 flying skulls (Abyss:3)
  25 yaks
  7 water elementals
  6 wraiths
  2 wyverns (Lair:5)
  6 fire elementals
  18 humans (D:13)
  A hog (shapeshifter) (Vaults:1)
  2 basilisks
  2 humans (shapeshifter)
  A chaos spawn (Abyss:3)
  16 vampire mosquitoes
  2 steam dragons
  4 hungry ghosts
  2 neqoxecs
  Grum (D:10)
  9 swamp worms
  50 nagas
  9 soldier ants
  16 insubstantial wisps
  6 acid dragons
  6 wargs
  5 water moccasins
  A floating eye (Depths:5)
  3 hell hounds (Abyss:3)
  3 sky beasts
  10 swamp drakes
  5 small abominations
  2 floating eyes (shapeshifter)
  A hornet zombie (D:6)
  3 porcupines
  41 orc warriors
  20 ice beasts
  An eye of draining (D:15)
  A necrophage (D:10)
  A phantom (D:11)
  An eye of draining (shapeshifter) (D:13)
  36 ogres
  An alligator simulacrum (IceCv)
  6 boggarts
  9 wolves
  26 centaurs
  A centaur (shapeshifter) (Abyss:3)
  3 big kobolds
  10 crocodiles
  12 bullfrogs
  2 gnoll sergeants
  3 earth elementals
  A water moccasin zombie (D:8)
  A human skeleton (Vaults:2)
  A wyvern skeleton (D:6)
  4 scorpions
  30 killer bees
  14 wights
  3 howler monkeys
  3 electric eels
  8 crimson imps
  2 bullfrog zombies
  2 starcursed masses (Abyss:3)
  3 centaur zombies
  2 quasits
  3 bullfrog skeletons
  6 hounds
  A jelly (D:3)
  3 draconian simulacra (IceCv)
  22 orc priests
  18 orc wizards
  An iron imp (Abyss:2)
  Jessica (D:2)
  38 worker ants
  2 iguanas
  A polar bear simulacrum (IceCv)
  9 troll simulacra (IceCv)
  A spriggan simulacrum (IceCv)
  2 wolf simulacra (IceCv)
  A centaur simulacrum (IceCv)
  A hound skeleton (D:8)
  12 gnolls
  15 adders
  A naga simulacrum (IceCv)
  5 ogre simulacra (IceCv)
  3 shadow imps
  15 white imps
  An ufetubus (Abyss:3)
  11 oozes
  An adder zombie (D:9)
  An adder skeleton (D:6)
  3 worms (D:2)
  A dart slug (D:1)
  3 leopard geckos
  80 orcs
  7 giant cockroaches
  6 hobgoblins
  7 jackals
  4 quokkas
  3 ball pythons
  15 bats
  6 frilled lizards
  8 goblins
  28 kobolds
  4 rats
  A starspawn tentacle (Abyss:3)
1792 creatures vanquished.

Vanquished Creatures (collateral kills)
  Frederick (Vaults:2)
  A lich (Depths:3)
  A titan (Depths:1)
  A sphinx (Depths:3)
  A shadow dragon (Depths:1)
  2 vault wardens (Vaults:4)
  3 fire giants
  An emperor scorpion (D:15)
  3 ironheart preservers (Vaults:4)
  A stone giant (Depths:3)
  2 very ugly things
  A vampire knight (Depths:3)
  A lorocyproca (Depths:2)
  3 ettins
  A deep elf death mage (Vaults:4)
  3 fire dragons
  A great orb of eyes (Vaults:3)
  A rakshasa (Depths:3)
  2 ice dragons
  A centaur warrior (Depths:3)
  2 ogre magi
  6 two-headed ogres
  A deep troll earth mage (Vaults:4)
  3 tengu warriors
  A soul eater (Depths:1)
  A deep elf knight (Vaults:4)
  A skeletal warrior (Depths:1)
  A shadow wraith (Depths:1)
  2 wizards (Volcano)
  2 deep trolls
  3 deep elf archers
  A flayed ghost (Depths:1)
  2 deep elf magi (Vaults:4)
  2 ironbrand convokers (Vaults:4)
  A wolf spider (Vaults:4)
  4 harpies
  An orc knight (Vaults:3)
  2 ugly things
  A fire giant zombie (Depths:1)
  A toenail golem (Volcano)
  3 vault sentinels (Vaults:4)
  A spectral swamp worm (Depths:1)
  4 yaktaurs (Depths:2)
  A hornet (Depths:5)
  A jumping spider (shapeshifter) (Depths:5)
  2 hippogriffs (shapeshifter)
  A spriggan (Depths:5)
  A floating eye (Depths:4)
  An orc warrior (Vaults:4)
  3 ogres
  2 centaurs (Vaults:4)
  An orc wizard (Vaults:3)
  2 iron imps (Depths:2)
  An ufetubus (Depths:2)
  4 orcs (Vaults:4)
97 creatures vanquished.

Vanquished Creatures (others)
  A hydra (D:15)
  2 deep elf magi
  A hippogriff (D:4)
  A spriggan (Swamp:2)
  2 water elementals
  A vampire mosquito (Swamp:2)
  A naga (Snake:4)
  3 swamp drakes
  2 centaurs
  6 fungi
  2 plants
  4 spectral weapons
  7 starspawn tentacles (Abyss:3)
  8 toadstools (D:3)
41 creatures vanquished.

Grand Total: 1930 creatures vanquished

Notes
Turn   | Place    | Note
-------+----------+-------------------------------------------
     0 | D:1      | Flugkiller the Kobold Gladiator began the quest for the
                  | Orb.
     0 | D:1      | Reached XP level 1. HP: 12/12 MP: 1/1
    56 | D:1      | Reached XP level 2. HP: 17/17 MP: 2/2
   260 | D:1      | You fall through a shaft!
   307 | D:2      | Reached XP level 3. HP: 13/21 MP: 3/3
   637 | D:2      | Noticed Jessica
   657 | D:2      | Killed Jessica
   657 | D:2      | Reached XP level 4. HP: 6/26 MP: 4/4
  1515 | D:2      | Found a runed door.
  1533 | D:2      | Reached XP level 5. HP: 30/30 MP: 5/5
  1692 | D:2      | Reached skill level 5 in Maces & Flails
  2021 | D:3      | Reached skill level 4 in Dodging
  2160 | D:3      | Reached XP level 6. HP: 36/37 MP: 6/6
  2453 | D:3      | Found a shadowy altar of Dithmenos.
  2465 | D:3      | Became a worshipper of Dithmenos the Shadowed
  2747 | D:3      | Found a sacrificial altar of Ru.
  2931 | D:3      | Found a glowing silver altar of Zin.
  2932 | D:3      | Noticed an angel
  3060 | D:4      | Found a glowing drain.
  3090 | D:4      | Reached skill level 5 in Dodging
  3113 | Sewer    | Entered a sewer
  3353 | D:4      | Found a staircase to the Ecumenical Temple.
  3449 | D:3      | Reached XP level 7. HP: 31/43 MP: 7/7
  3523 | D:3      | Reached skill level 6 in Dodging
  3747 | D:4      | Noticed a hippogriff
  3878 | D:4      | Noticed Duvessa
  3879 | D:4      | Noticed Dowan
  4033 | D:4      | Killed a hippogriff
  4126 | D:4      | Found an ornate altar of the Wu Jian Council.
  4126 | D:4      | Found a burning altar of Makhleb.
  4250 | D:5      | Entered Level 5 of the Dungeon
  4631 | D:5      | Reached skill level 5 in Fighting
  4789 | D:5      | Reached XP level 8. HP: 24/49 MP: 8/8
  5133 | D:6      | Noticed a +0 dagger
  5139 | D:6      | Noticed a +0 hand axe
  5140 | D:6      | Found a hide-covered altar of Uskayaw.
  5708 | D:6      | Reached * piety under Dithmenos
  5761 | D:7      | Noticed Harold
  5762 | D:7      | omfg
  6008 | D:7      | Reached XP level 9. HP: 55/57 MP: 9/9
  6297 | D:7      | Found a runed door.
  6301 | D:7      | Noticed hemabe's ghost (novice HuAr)
  6619 | D:7      | Identified the Catalogue of Shape Shifting and Creation
  6836 | D:7      | Got a scorched silver ring
  6847 | D:7      | Identified the ring "Imussac" {rCorr rF+ Stlth+} (You found
                  | it on level 7 of the Dungeon)
  6963 | D:8      | Noticed a two-headed ogre
  7094 | D:8      | Reached skill level 1 in Evocations
  7579 | D:8      | Killed a two-headed ogre
  7579 | D:8      | Reached skill level 7 in Dodging
  7579 | D:8      | Reached XP level 10. HP: 65/65 MP: 9/12
  8087 | D:9      | Noticed a cyclops
  8137 | D:9      | Reached ** piety under Dithmenos
  8411 | D:9      | Killed a cyclops
  8441 | D:9      | Found a shattered altar of Ashenzari.
  8442 | D:9      | Found a stormy altar of Qazlal.
  8501 | D:9      | Reached skill level 8 in Dodging
  8501 | D:9      | Reached skill level 5 in Evocations
  8697 | D:9      | Noticed a queen ant
  9042 | D:9      | Killed a queen ant
  9042 | D:9      | Reached skill level 9 in Dodging
  9042 | D:9      | Reached XP level 11. HP: 58/69 MP: 14/14
  9137 | D:9      | Reached *** piety under Dithmenos
  9293 | D:10     | Entered Level 10 of the Dungeon
  9293 | D:10     | Noticed Grum
  9455 | D:10     | Noticed Sonja
  9602 | D:10     | Reached skill level 5 in Shields
  9615 | D:10     | Killed Grum
  9644 | D:10     | Noticed Psyche
  9663 | D:10     | Killed Psyche
  9663 | D:10     | Reached skill level 10 in Maces & Flails
  9687 | D:10     | Noticed a two-headed ogre
  9716 | D:10     | Killed a two-headed ogre
  9716 | D:10     | Reached skill level 10 in Dodging
  9793 | D:10     | Noticed Josephine
  9958 | D:10     | Killed Josephine
 10174 | D:10     | Reached **** piety under Dithmenos
 10455 | D:10     | Reached skill level 11 in Dodging
 10491 | D:10     | Killed Sonja
 10491 | D:10     | Reached XP level 12. HP: 75/75 MP: 15/15
 10885 | D:11     | Found a staircase to the Orcish Mines.
 10900 | D:11     | Found a staircase to the Lair.
 11281 | D:11     | Got a faintly glowing hunting sling
 11447 | Lair:1   | Entered Level 1 of the Lair of Beasts
 11864 | Lair:1   | Identified the +2 hunting sling of Leclan {venom, rElec
                  | Str+5 Int-4} (You found it on level 11 of the Dungeon)
 11932 | Lair:1   | Reached skill level 12 in Dodging
 12044 | Lair:1   | Found a burning altar of Makhleb.
 12803 | Lair:2   | You fall through a shaft for 2 floors!
 12939 | Lair:3   | Found a staircase to the Snake Pit.
 13032 | Lair:3   | Got a distressingly furry scale mail
 13191 | Lair:3   | Identified the +2 scale mail of Jigeof {*Corrode +Fly
                  | Regen+ Dex+4} (You found it on level 3 of the Lair of
                  | Beasts)
 13218 | Lair:3   | Found a dark tunnel.
 13226 | Volcano  | Entered a volcano
 13229 | Volcano  | Noticed a wizard
 13235 | Volcano  | Killed a wizard
 13235 | Volcano  | Reached skill level 13 in Dodging
 13240 | Volcano  | Noticed a wizard
 13243 | Volcano  | Reached ***** piety under Dithmenos
 13246 | Volcano  | Killed a wizard
 13264 | Volcano  | Noticed a wizard
 13265 | Volcano  | Noticed a wizard
 13266 | Volcano  | Paralysed by a wizard for 5 turns
 13267 | Volcano  | Noticed a wizard
 13274 | Volcano  | Killed a wizard
 13281 | Volcano  | Killed a wizard
 13281 | Volcano  | Reached XP level 13. HP: 74/79 MP: 16/16
 14771 | Lair:2   | Found a staircase to the Swamp.
 15163 | Lair:2   | Reached skill level 10 in Fighting
 15860 | Lair:4   | Found a runed door.
 15861 | Lair:4   | Noticed Oppylety's ghost (journeyman GrFi)
 16315 | Lair:5   | Found a gate leading to a gauntlet.
 16320 | Gauntlet | Entered a Gauntlet
 16320 | Gauntlet | Found a transporter.
 16333 | Gauntlet | Found a transporter.
 16333 | Gauntlet | Found a transporter.
 16342 | Gauntlet | Found a transporter.
 16357 | Gauntlet | Found a transporter.
 16361 | Gauntlet | Found a large runed translucent door.
 16361 | Gauntlet | Found a large runed translucent door.
 16361 | Gauntlet | Found a large runed translucent door.
 16361 | Gauntlet | Found a large runed translucent door.
 16362 | Gauntlet | Found a runed translucent door.
 16363 | Gauntlet | Found a transporter.
 16364 | Gauntlet | Found a runed translucent door.
 16365 | Gauntlet | Found a large runed translucent door.
 16365 | Gauntlet | Found a large runed translucent door.
 16366 | Gauntlet | Found a large runed translucent door.
 16367 | Gauntlet | Found a large runed translucent door.
 16370 | Gauntlet | Found a large runed translucent door.
 16370 | Gauntlet | Found a large runed translucent door.
 16372 | Gauntlet | Found a large runed translucent door.
 16372 | Gauntlet | Found a large runed translucent door.
 16373 | Gauntlet | Found a large runed translucent door.
 16373 | Gauntlet | Found a large runed translucent door.
 16373 | Gauntlet | Found a large runed translucent door.
 16373 | Gauntlet | Found a large runed translucent door.
 16376 | Gauntlet | Found a runed translucent gate.
 16376 | Gauntlet | Found a runed translucent gate.
 16376 | Gauntlet | Found a runed translucent gate.
 16378 | Gauntlet | Found a transporter.
 16379 | Gauntlet | Found the +11 plutonium sword {*Contam Stlth-}
 16397 | Gauntlet | Found a transporter.
 16400 | Gauntlet | Noticed a death ooze
 16409 | Gauntlet | Found a transporter.
 16415 | Gauntlet | Found a transporter.
 16430 | Gauntlet | Found a transporter.
 16436 | Gauntlet | Found a transporter.
 16454 | Gauntlet | Noticed a death ooze
 16455 | Gauntlet | Found a transporter.
 16461 | Gauntlet | Found a transporter.
 16463 | Gauntlet | Found a transporter.
 16480 | Gauntlet | Found a transporter.
 16480 | Gauntlet | Noticed a dire elephant
 16497 | Gauntlet | Found a transporter.
 16516 | Gauntlet | Found a transporter.
 17040 | Gauntlet | Got a shimmering cloak
 17079 | Gauntlet | Noticed a minotaur
 17398 | Gauntlet | Killed a minotaur
 17398 | Gauntlet | Reached skill level 1 in Invocations
 17439 | Gauntlet | Identified the Papyrus of Augmentations
 17440 | Gauntlet | Got a heavily runed leather armour
 17452 | Gauntlet | Identified the +3 leather armour of Moral Flaws {MR++
                  | Str+2} (You found it in a Gauntlet)
 17510 | Lair:5   | Found a runed door.
 17510 | Lair:5   | Found a viscous altar of Jiyva.
 17510 | Lair:5   | Noticed an acid blob
 17525 | Lair:5   | Identified the +2 cloak of Undesirable Species {rElec rF+
                  | rN+ Dex-4} (You found it in a Gauntlet)
 18217 | Lair:5   | Found a staircase to the Slime Pits.
 18224 | Lair:6   | Entered Level 6 of the Lair of Beasts
 18234 | Lair:6   | Reached XP level 14. HP: 90/90 MP: 17/17
 18384 | Lair:6   | Reached skill level 5 in Invocations
 19091 | Lair:5   | Found a runed door.
 19092 | Lair:5   | Found a viscous altar of Jiyva.
 19307 | Lair:5   | Found a staircase to the Slime Pits.
 20950 | Lair:6   | Reached ****** piety under Dithmenos
 21374 | D:12     | Reached skill level 15 in Maces & Flails
 21537 | D:12     | Reached XP level 15. HP: 94/94 MP: 21/21
 23117 | D:13     | Found a gate to the Vaults.
 23149 | D:13     | Reached skill level 1 in Armour
 23840 | D:14     | Reached skill level 14 in Dodging
 24163 | D:14     | Found a glowing golden altar of the Shining One.
 24828 | D:15     | Entered Level 15 of the Dungeon
 24840 | D:15     | Reached XP level 16. HP: 101/101 MP: 22/22
 25164 | D:15     | Found a runed gate.
 25164 | D:15     | Found a runed gate.
 25164 | D:15     | Found a runed gate.
 25164 | D:15     | Noticed Artagas's ghost (journeyman OgTm)
 25474 | D:15     | Found a staircase to the Depths.
 26026 | Orc:1    | Entered Level 1 of the Orcish Mines
 26034 | Orc:1    | Reached skill level 5 in Armour
 26200 | Orc:1    | Reached skill level 15 in Dodging
 26444 | Orc:2    | Entered Level 2 of the Orcish Mines
 26529 | Orc:2    | Found a staircase to the Elven Halls.
 26847 | Orc:2    | Noticed Urug
 26867 | Orc:2    | Killed Urug
 27206 | Orc:2    | Found a frozen archway.
 27250 | IceCv    | Entered an ice cave
 27441 | IceCv    | Found an ancient bone altar of Kikubaaqudgha.
 28211 | Orc:2    | Found Evoschar's Distillery.
 28211 | Orc:2    | Found Moschal's Book Emporium.
 28213 | Orc:2    | Found Liocseq's General Store.
 28215 | Orc:2    | Found Raqinn's Antique Weapon Boutique.
 28235 | Orc:2    | Noticed Nessos
 28259 | Orc:2    | Killed Nessos
 28869 | Swamp:1  | Entered Level 1 of the Swamp
 30045 | Swamp:2  | Identified Roxanne's Volume of Earth
 30045 | Swamp:2  | Noticed Roxanne
 30398 | Swamp:2  | Reached XP level 17. HP: 109/109 MP: 24/24
 30595 | Swamp:2  | Noticed Nikola
 30614 | Swamp:2  | Killed Nikola
 30614 | Swamp:2  | Reached skill level 16 in Dodging
 30740 | Swamp:2  | Noticed Frances
 30755 | Swamp:2  | Killed Frances
 31026 | Swamp:3  | Reached skill level 10 in Invocations
 32203 | Swamp:4  | Entered Level 4 of the Swamp
 32203 | Swamp:4  | Noticed a thorn hunter
 32659 | Swamp:3  | Killed a thorn hunter
 32995 | Swamp:4  | Reached XP level 18. HP: 105/117 MP: 26/26
 33011 | Swamp:4  | Got a decaying rune of Zot
 33532 | Swamp:4  | Reached skill level 17 in Dodging
 33846 | Snake:1  | Entered Level 1 of the Snake Pit
 34455 | Snake:1  | Reached skill level 15 in Fighting
 34665 | Snake:1  | Found Qugu's Gadget Emporium.
 35358 | Snake:2  | Noticed Aizul
 35559 | Snake:2  | Killed Aizul
 35560 | Snake:2  | If you want to get Aizul, just play kobold
 36487 | Snake:3  | Reached XP level 19. HP: 95/124 MP: 28/28
 36724 | Snake:3  | Reached skill level 18 in Dodging
 37524 | Snake:3  | Reached skill level 10 in Armour
 38119 | Elf:1    | Entered Level 1 of the Elven Halls
 38324 | Elf:1    | Found a portal to a secret trove of treasure.
 38680 | Elf:1    | Found a runed translucent gate.
 38680 | Elf:1    | Found a runed translucent gate.
 38680 | Elf:1    | Found a runed translucent gate.
 38680 | Elf:1    | Found a runed translucent gate.
 38680 | Elf:1    | Found a runed translucent gate.
 38682 | Elf:1    | Found a runed translucent gate.
 39157 | Elf:2    | Found a huge runed gate.
 39157 | Elf:2    | Found a huge runed gate.
 39157 | Elf:2    | Found a huge runed gate.
 39157 | Elf:2    | Found a huge runed gate.
 39157 | Elf:2    | Found a huge runed gate.
 39324 | Elf:2    | Identified the +0 quick blade of Reinforcement {holy, MR+}
 39324 | Elf:2    | Identified the cursed +1 rapier "Iqeniobb" {pierce, rC+++
                  | rN+ MP-9 Int+4}
 39324 | Elf:2    | Noticed a deep elf blademaster
 39326 | Elf:2    | Noticed Lefas's ghost (adept GnWz)
 39338 | Elf:2    | Found a bloodstained altar of Trog.
 39348 | Elf:2    | Noticed a deep elf blademaster
 39358 | Elf:2    | Found a transporter.
 39360 | Elf:2    | Identified the +7 longbow of Annihilation {speed, rC+
                  | Stlth+}
 39369 | Elf:2    | Identified the +2 rapier of Painful Death {elec, Dex+5}
 39369 | Elf:2    | Identified the +12 rapier of Ciroam {antimagic, *Corrode
                  | Int+8 Dex-4 SInv}
 39369 | Elf:2    | Identified the ring of Ungic {Fire rElec rPois rN+}
 39369 | Elf:2    | Noticed a deep elf blademaster
 39372 | Elf:2    | Noticed a deep elf blademaster
 39376 | Elf:2    | Found a transporter.
 39794 | Elf:3    | Entered Level 3 of the Elven Halls
 39863 | Elf:3    | Cast into level 2 of the Abyss (a deep elf demonologist)
 39863 | Abyss:2  | Found a corrupted altar of Lugonu.
 39997 | Abyss:2  | Reached skill level 19 in Dodging
 40078 | Elf:3    | Escaped the Abyss
 40084 | Elf:3    | Noticed a Hell Sentinel
 40085 | Elf:3    | Reached XP level 20. HP: 51/133 MP: 29/29
 40851 | Elf:3    | Reached XP level 21. HP: 131/139 MP: 30/30
 40972 | Elf:3    | Learned a level 3 spell: Spectral Weapon
 41148 | Elf:3    | Cast into level 3 of the Abyss (a deep elf demonologist)
 41359 | Abyss:3  | Reached skill level 1 in Spellcasting
 41359 | Abyss:3  | Reached skill level 1 in Hexes
 41390 | Abyss:3  | Found a corrupted altar of Lugonu.
 41413 | Abyss:3  | Found a corrupted altar of Lugonu.
 41786 | Elf:3    | Escaped the Abyss
 41792 | Elf:3    | Noticed a Tzitzimitl
 42264 | Elf:3    | Identified the +5 quarterstaff of the Sea {crush, -Tele
                  | rElec rPois SInv}
 42431 | Elf:3    | Identified the +13 crystal plate armour "Eqam" {rC- Int+2
                  | Dex+6}
 42468 | Elf:3    | Reached skill level 5 in Spellcasting
 42468 | Elf:3    | Reached skill level 5 in Hexes
 43007 | Orc:2    | Bought a book of Beasts for 770 gold pieces
 43013 | Orc:2    | Learned a level 5 spell: Summon Mana Viper
 43276 | Elf:3    | Reached skill level 1 in Summonings
 43331 | Elf:3    | Reached skill level 1 in Charms
 43478 | Elf:3    | Identified the cursed +0 scale mail "Bank" {rC+ Stlth+}
                  | (You found it on level 3 of the Elven Halls)
 43505 | Elf:3    | Identified the +1 pair of boots of the Doldrums {rC+ Str-5
                  | Int+5} (You found it on level 3 of the Elven Halls)
 43530 | Elf:3    | Got a polished dagger
 43906 | Snake:4  | Entered Level 4 of the Snake Pit
 45232 | Snake:4  | Reached XP level 22. HP: 138/144 MP: 31/31
 45416 | Snake:4  | Found Curos's Armour Shop.
 46363 | Snake:4  | Reached skill level 5 in Summonings
 46893 | Snake:4  | Learned a level 3 spell: Regeneration
 47020 | Snake:4  | Got a serpentine rune of Zot
 47032 | Snake:4  | Reached skill level 1 in Necromancy
 47620 | Vaults:1 | Entered Level 1 of the Vaults
 48812 | Vaults:1 | Identified a scroll of acquirement
 48832 | Vaults:1 | Learned a level 5 spell: Aura of Abjuration
 49101 | Vaults:1 | Reached skill level 10 in Summonings
 49911 | Vaults:2 | Paralysed by a floating eye for 2 turns
 50278 | Vaults:2 | Reached XP level 23. HP: 149/149 MP: 33/33
 50281 | Vaults:2 | Noticed Frederick
 50290 | Vaults:2 | Killed Frederick
 52270 | Vaults:3 | You fall through a shaft!
 52284 | Vaults:4 | Found Gufucw's Book Shop.
 52293 | Vaults:4 | Bought the Grimoire of Fetching Dark Rituals for 639 gold
                  | pieces
 52295 | Vaults:4 | Learned a level 1 spell: Confusing Touch
 52299 | Vaults:4 | Learned a level 3 spell: Confuse
 53542 | Vaults:3 | Found a staircase to the Crypt.
 53542 | Vaults:3 | Found a basalt altar of Yredelemnul.
 53543 | Vaults:3 | Found an ancient bone altar of Kikubaaqudgha.
 53729 | Vaults:3 | Found a large runed door.
 53729 | Vaults:3 | Found a large runed door.
 53729 | Vaults:3 | Noticed Hoeroty's ghost (adept HOFi)
 53729 | Vaults:3 | Noticed Ymul's ghost (adept HOFi)
 55330 | Vaults:4 | Learned a level 5 spell: Summon Forest
 55454 | Vaults:4 | Reached skill level 5 in Charms
 55494 | Vaults:4 | Reached XP level 24. HP: 139/156 MP: 33/35
 55978 | Vaults:4 | Reached skill level 10 in Evocations
 56487 | Depths:1 | Entered Level 1 of the Depths
 56941 | Depths:1 | Paralysed by a vampire knight for 6 turns
 56947 | Depths:1 | 5%, wonderful
 57562 | Depths:1 | Noticed an ancient lich
 58227 | Depths:1 | Reached skill level 20 in Dodging
 58475 | Depths:1 | Killed an ancient lich
 58579 | Depths:1 | Identified the Reference Book on Stolen Souls
 58725 | Depths:1 | Found a one-way gate to the infinite horrors of the Abyss.
 58773 | Depths:1 | Found a gateway to Hell.
 59134 | Depths:2 | Found a runed door.
 59550 | Depths:2 | hey
 59566 | Depths:1 | that's pretty cool
 59567 | Depths:1 | nice
 60426 | Depths:2 | Found a one-way gate leading to the halls of Pandemonium.
 61126 | Depths:3 | Found a gateway to a ziggurat.
 61374 | Depths:3 | Reached XP level 25. HP: 145/164 MP: 26/35
 61426 | Depths:3 | Reached skill level 1 in Translocations
 61429 | Depths:3 | Reached skill level 21 in Dodging
 61956 | Depths:3 | Identified the +3 hunting sling of Oheranoq {freeze, Dex+5}
                  | (You found it on level 3 of the Depths)
 62000 | Depths:3 | Noticed Jory
 62507 | Depths:3 | Killed Jory
 63264 | Depths:4 | Paralysed by a floating eye for 4 turns
 63460 | Depths:5 | Entered Level 5 of the Depths
 63788 | Depths:5 | Reached skill level 5 in Translocations
 63843 | Depths:5 | Mangled by a spriggan berserker

Vault maps used:
D:1:      dpeg_arrival_boxorama, minmay_statues_item, serial_bayou_pond_e
D:2:      minmay_spotlight, uniq_jessica, uniq_crazy_yiuf_cottage
D:3:      cheibrodos_fertilizer, zin_angel, grunt_dithmenos_smoke_and_mirrors,
          nicolae_ru_sacrificial_ziggurat
D:4:      gammafunk_temple_overflow_pools, minmay_temple_entry_overgrown,
          gup_sewer_entry_glass, lemuel_flame_loot_1, uniq_duvessa
D:5:      first_ration
D:6:      dancing_weapons_uskayaw
D:7:      ebering_ghost_reflecting_pool, uniq_harold
D:9:      minitemple, zaba_antful_of_joy
D:10:     uniq_psyche, uniq_sonja, uniq_josephine, uniq_grum
D:11:     erik_lair_orcish_takeover, orc_0_dummy
D:12:     hangedman_fish_farm, hangedman_decor_growths
D:13:     grunt_vaults_entry_tiered, kennysheep_just_a_vault
D:14:     tso_altar, nicolae_two_hexagons, minmay_misc_feat_roman,
          minmay_misc_feat_plants
D:15:     hangedman_depths_entry_try_elsewhere_first,
          gammafunk_ghost_necromancy, patterned_corridor
Lair:1:   basic_altar, cheibrodos_lair_reptile_den
Lair:2:   swamp_mist, infiniplex_staircase_pool, grunt_megastairs_3,
          lemuel_fruit_tree
Lair:3:   minmay_snake_entry_guardpost_small, nicolae_volcano_entry_hallway,
          st_stairs_5, serial_bayou_pond_d
Lair:4:   ebering_ghost_reflecting_pool, columned_hall_lemuel
Lair:5:   slime_altar_2, gauntlet_entry_generic, nicolae_quartered_pool_medium,
          grunt_megastairs_5
Lair:6:   evilmike_catoblepas_cave, grunt_forest_large_clearing_hut,
          lemuel_fruit_fields
Swamp:1:  nicolae_swamp_fairy_circle, swamp_pool1
Swamp:2:  hangedman_swamp_cone, swamp_pool1, uniq_roxanne, uniq_nikola,
          uniq_frances
Swamp:3:  nicolae_swamp_trees_clearing
Swamp:4:  swamp_alternative
Snake:1:  serial_shops, nicolae_shop_trees
Snake:2:  nicolae_aizul_guard, grunt_ministairs_3, spider_trap,
          basic_stair_grate_trap
Snake:3:  nicolae_snake_shapes
Snake:4:  grunt_snake_rune_pools, serial_shops, nicolae_shop_stone
Orc:1:    special_room
Orc:2:    st_orc_rangers, portal_ice_cave_entry_ice_beasts, uniq_urug,
          uniq_nessos
Elf:1:    minmay_elf_arrival_summoners, nicolae_trove_entry_path_of_doom,
          orc_legates, minivault_27, minmay_misc_feat_cross
Elf:2:    gammafunk_ghost_wrathful_warriors
Elf:3:    grunt_elf_hall_asides
Vaults:1: ontoclasm_vaults_ring_large, st_cells, vaults_standard_mumra_x,
          vaults_room_fours, vaults_dpeg_doors, v_rooms_6,
          ontoclasm_vaults_chip, vaults_room_grid
Vaults:2: nicolae_vaults_little_squares_1, grunt_vaults_hallway_long,
          vaults_standard_mumra_enter_the_diamond,
          nicolae_vaults_network_quinsquares, ontoclasm_vaults_ring_small,
          vaults_room_corners, uniq_frederick
Vaults:3: advil_vaults_ghost_guards, nicolae_vaults_network_quincunx,
          minmay_crypt_entry_necro_gods, ontoclasm_vaults_pinch,
          ontoclasm_vaults_eye, nicolae_vaults_theta, nicolae_vaults_rhombus_5,
          vaults_room_fours, nicolae_vaults_rhombus_5, ontoclasm_vaults_gateway
Vaults:4: st_cells, ontoclasm_vaults_chip, nicolae_vaults_little_squares_4,
          hangedman_vaults_hat, vaults_mumra_lcd,
          nicolae_vaults_little_squares_4, vaults_room_stairs_pillars,
          nicolae_vaults_what_the_h, v_misc_24, v_pattern_2,
          nicolae_vaults_network_square, hangedman_vaults_snaps,
          ontoclasm_vaults_decontamination, ontoclasm_vaults_ring_square,
          serial_shops, shop
Depths:1: special_room, chequers_serial_rivers_large_a, abyss_entry,
          pf_hell_entry_tar_river, st_stairs_13, grunt_decor_arrowhead,
          roderic_cross_of_infinity, chequers_serial_rivers_small_a,
          eino_small_chamber_without_monster, grunt_ministairs_8,
          serial_sigils_hangedman_gnaw, minmay_microvault,
          infiniplex_staircase_pool_lava
Depths:2: impenetrable_vault, pf_coc_iceberg, abyss_entry,
          serial_co_window_serial, co_window_corner_a, co_window_corner_a,
          co_window_cross_1, co_window_paths_b, co_window_paths_a,
          co_window_corner_b, co_window_corner_ca, co_window_corner_ca,
          co_window_paths_c, grunt_pan_entry_zigzag
Depths:3: minmay_the_grid_octo_tiled_squarecenter, enter_ziggurat_e, pan_entry,
          hell_entry, minmay_misc_feat_x, serial_bayou_shore_b,
          infiniplex_staircase_trident, serial_bayou_shore_b, uniq_jory
Depths:4: minmay_inside_and_out, minmay_staircase_bubble,
          hangedman_abyss_entry_splay, hell_entry
Depths:5: grunt_runaround, hell_entry, abyss_entry, serial_shops
Abyss:3:  hangedman_shadowy_showcase, minivault_19,
          evilmike_nicolae_abyss_rune_betentacled_crabyss
Sewer:    sewer_big_baddie
IceCv:    ice_cave_small_necro
Volcano:  volcano_bunker
Gauntlet: gammafunk_gauntlet_one_two_three

Skill      XL: |  1  2  3  4  5  6  7  8  9 10 11 12 13 14 15 16 17 18 19 20 21 22 23 24 25 |
---------------+----------------------------------------------------------------------------+-----
Maces & Flails | 3 4 5 7 8 9 10 12 13 15 16 | 16.0
Dodging        | 4 5 6 7 9 11 13 14 15 16 17 19 20 21 | 21.4
Fighting       | 3 4 5 7 8 11 12 13 14 15 16 17 18 19 | 19.3
Evocations     | 3 5 7 8 10 | 10.0
Shields        | 2 4 5 |  5.7
Invocations    | 4 9 11 12 13 | 13.0
Armour         | 3 6 8 9 11 | 11.0
Spellcasting   | 6 8 |  8.0
Hexes          | 7 8 |  8.0
Summonings     | 3 10 14 | 14.0
Charms         | 2 3 5 |  5.0
Necromancy     | 2 3 |  3.0
Translocations | 5 |  5.0
Throwing       | |  2.1

Action                   |  1- 3 |  4- 6 |  7- 9 | 10-12 | 13-15 | 16-18 | 19-21 | 22-24 | 25-27 || total
-------------------------+-------+-------+-------+-------+-------+-------+-------+-------+-------++-------
Melee: Flail             |    79 |   291 |   392 |   985 |   303 |       |       |       |       ||  2050
       Eveningstar       |       |       |       |       |   945 |  1982 |  1222 |  2026 |   400 ||  6575
 Fire: Blowgun           |       |     2 |     5 |    22 |       |       |       |       |       ||    29
Throw: Stone             |       |       |     1 |       |       |       |       |       |       ||     1
 Cast: Spectral Weapon   |       |       |       |       |       |       |     2 |     1 |     5 ||     8
       Summon Mana Viper |       |       |       |       |       |       |       |   149 |    45 ||   194
       Aura of Abjuratio |       |       |       |       |       |       |       |     1 |       ||     1
Invok: Shadow Step       |       |       |       |     1 |       |       |       |       |       ||     1
       Shadow Form       |       |       |       |       |       |       |     2 |     1 |     2 ||     5
 Abil: End Transformatio |       |       |       |       |       |       |     1 |       |     1 ||     2
Evoke: Wand              |       |     5 |       |    12 |     1 |     3 |     8 |     2 |       ||    31
       Phial of floods   |       |       |       |     1 |       |       |       |       |       ||     1
       Lightning rod     |       |       |       |       |     1 |       |     3 |       |       ||     4
       Lamp of fire      |       |       |       |       |       |     2 |     2 |       |     1 ||     5
  Use: Scroll            |       |     6 |     6 |     9 |    18 |     9 |    14 |     6 |     1 ||    69
       Potion            |       |       |     2 |     1 |     2 |       |     2 |     3 |     3 ||    13
 Stab: Sleeping          |     1 |     5 |     1 |    15 |    12 |    14 |     7 |    11 |       ||    66
       Distracted        |       |       |       |     1 |       |     1 |     3 |    17 |    11 ||    33
       Paralysed         |       |       |       |     4 |       |       |       |       |       ||     4
       Confused          |       |       |       |     2 |       |     3 |       |       |       ||     5
       Petrified         |       |       |       |       |     2 |       |       |       |       ||     2
  Eat: Chunk             |     7 |    10 |    11 |    24 |    42 |    38 |    26 |   102 |    20 ||   280
       Ration            |       |       |       |       |       |       |       |     3 |     1 ||     4
Armor: Leather armour    |    16 |    71 |    55 |   110 |   115 |   191 |       |       |       ||   558
       Scale mail        |       |       |       |     7 |     9 |       |       |       |       ||    16
       Ring mail         |       |       |       |       |    20 |       |       |       |       ||    20
       Acid dragon scale |       |       |       |       |     1 |       |       |       |       ||     1
       Swamp dragon scal |       |       |       |       |       |   216 |   184 |   312 |    63 ||   775
Dodge: Dodged            |    53 |   318 |   329 |   823 |   893 |  2119 |   916 |  1828 |   374 ||  7653
Block: Buckler           |       |       |    10 |   273 |   304 |   620 |   286 |   643 |   135 ||  2271

Table legend:
 A = Non-vault XP
 B = Vault XP
 C = Vault XP percentage of total XP
 D = Non-vault monster count
 E = Vault monster count
 F = Vault count percentage of total count
                 A         B        C        D         E       F
            +---------+---------+-------+---------+---------+-------
      Total |  440012 |  350641 |  44.3 |    1221 |     670 |  35.4
            +---------+---------+-------+---------+---------+-------
        D:1 |      29 |       0 |   0.0 |      14 |       0 |   0.0
        D:2 |     107 |      41 |  27.7 |      35 |       3 |   7.9
        D:3 |     180 |     107 |  37.3 |      21 |      16 |  43.2
        D:4 |     188 |      44 |  19.0 |      11 |       5 |  31.2
        D:5 |     315 |       0 |   0.0 |       6 |       0 |   0.0
        D:6 |     901 |       0 |   0.0 |      15 |       0 |   0.0
        D:7 |    1117 |       0 |   0.0 |      24 |       0 |   0.0
        D:8 |    1745 |       0 |   0.0 |      17 |       0 |   0.0
        D:9 |    1789 |    3001 |  62.7 |      30 |      33 |  52.4
       D:10 |    3251 |    3418 |  51.3 |      28 |       9 |  24.3
       D:11 |    1215 |    1419 |  53.9 |      13 |       9 |  40.9
       D:12 |    7374 |     297 |   3.9 |      32 |       1 |   3.0
       D:13 |   15998 |    9028 |  36.1 |      40 |      28 |  41.2
       D:14 |   11773 |       0 |   0.0 |      39 |       0 |   0.0
       D:15 |   12037 |    7940 |  39.7 |      44 |      10 |  18.5
     Lair:1 |    1627 |       0 |   0.0 |       6 |       0 |   0.0
     Lair:2 |    3241 |     194 |   5.6 |      11 |       1 |   8.3
     Lair:3 |    3443 |     860 |  20.0 |      13 |       5 |  27.8
     Lair:4 |    3249 |       0 |   0.0 |       7 |       0 |   0.0
     Lair:5 |    9108 |    1223 |  11.8 |      26 |       4 |  13.3
     Lair:6 |    8325 |   13929 |  62.6 |      31 |      26 |  45.6
    Swamp:1 |    5502 |       0 |   0.0 |      17 |       0 |   0.0
    Swamp:2 |   10809 |    5971 |  35.6 |      29 |       2 |   6.5
    Swamp:3 |   21931 |    7258 |  24.9 |      57 |       9 |  13.6
    Swamp:4 |   13480 |    8712 |  39.3 |      33 |      14 |  29.8
    Snake:1 |   20722 |       0 |   0.0 |      37 |       0 |   0.0
    Snake:2 |   13972 |   11278 |  44.7 |      29 |      12 |  29.3
    Snake:3 |   23694 |    4694 |  16.5 |      43 |       6 |  12.2
    Snake:4 |   20496 |   38032 |  65.0 |      43 |      56 |  56.6
      Orc:1 |    3556 |    2394 |  40.2 |      56 |      32 |  36.4
      Orc:2 |    1245 |    6585 |  84.1 |      20 |      42 |  67.7
      Elf:1 |   11800 |   13030 |  52.5 |      21 |      31 |  59.6
      Elf:2 |   13735 |    1766 |  11.4 |      25 |       2 |   7.4
      Elf:3 |   17046 |   37789 |  68.9 |      35 |      27 |  43.5
   Vaults:1 |   16577 |   20172 |  54.9 |      35 |      32 |  47.8
   Vaults:2 |   20332 |    9792 |  32.5 |      39 |      12 |  23.5
   Vaults:3 |   29752 |    7506 |  20.1 |      60 |      14 |  18.9
   Vaults:4 |   35679 |   28519 |  44.4 |      62 |      48 |  43.6
   Depths:1 |   31881 |   32054 |  50.1 |      40 |      33 |  45.2
   Depths:2 |    8944 |    3176 |  26.2 |      19 |      11 |  36.7
   Depths:3 |   13061 |   31792 |  70.9 |      15 |      30 |  66.7
   Depths:4 |    2745 |    5835 |  68.0 |       3 |       7 |  70.0
   Depths:5 |     347 |   14316 |  97.6 |       2 |      16 |  88.9
    Abyss:2 |    6212 |       0 |   0.0 |      14 |       0 |   0.0
    Abyss:3 |    9482 |    5331 |  36.0 |      24 |       8 |  25.0
      Sewer |       0 |       6 | 100.0 |       0 |       5 | 100.0
      IceCv |       0 |    6023 | 100.0 |       0 |      54 | 100.0
    Volcano |       0 |    5290 | 100.0 |       0 |      11 | 100.0
   Gauntlet |       0 |    1819 | 100.0 |       0 |       6 | 100.0
            +---------+---------+-------+---------+---------+-------
